 Dungeon Crawl Stone Soup version 0.26.1-11-gd32895ea62 (webtiles) character file.

Game seed: 3471457527888014326

10993 MisterFreud the Grappler (level 11, -8/94 HPs)
             Began as a Troll Monk on June 17, 2021.
             Mangled by a two-headed ogre
             ... wielding a cursed -3 giant spiked club
              (18 damage)
             ... on level 12 of the Dungeon.
             The game lasted 00:14:05 (9812 turns).

MisterFreud the Grappler (Troll Monk)               Turns: 9812, Time: 00:14:05

Health: -8/94      AC: 16    Str: 21    XL:     11   Next: 43%
Magic:  10/10      EV:  9    Int:  6    God:
Gold:   602        SH:  0    Dex: 15    Spells: 10/10 levels left

rFire    + + .     SeeInvis .     - Unarmed
rCold    x . .     Faith    .   (no shield)
rNeg     . . .     Spirit   .   r - +1 fire dragon scales
rPois    .         Reflect  .   (helmet restricted)
rElec    .         Harm     .   (no cloak)
rCorr    .         Rampage  .   (gloves unavailable)
Will     .....                  (boots unavailable)
Stlth    ..........             H - amulet of regeneration
HPRegen  1.05/turn              (no ring)
MPRegen  0.12/turn              (no ring)

@: no status effects
A: large, unfitting armour, claws 3, regeneration 1, shaggy fur 1, tough skin 3
a: no special abilities


You were on level 12 of the Dungeon.
You visited 2 branches of the dungeon, and saw 13 of its levels.
You also visited: Sewer.

You collected 942 gold pieces.
You spent 340 gold pieces at shops.

Inventory:

Missiles
 y - a throwing net
 F - a boomerang
 I - 3 large rocks (quivered)
Armour
 a - a +0 robe
 r - +1 fire dragon scales (worn)
Jewellery
 s - an uncursed ring of fire
 H - an amulet of regeneration (around neck)
 L - an uncursed ring of fire
Wands
 h - a wand of random effects (48)
 o - a wand of disintegration (8)
 w - a wand of digging (9)
 z - a wand of polymorph (9)
 E - a wand of iceblast (7)
Scrolls
 b - 4 scrolls of enchant armour
 d - 6 scrolls of teleportation
 f - 2 scrolls of random uselessness
 i - 5 scrolls of remove curse
 j - a scroll of enchant weapon {unknown}
 l - a scroll of magic mapping {unknown}
 m - a scroll of immolation {unknown}
 q - 5 scrolls of fear {unknown}
 t - 2 scrolls of blinking
 B - a scroll of fog
 C - 4 scrolls of identify
 J - a scroll of vulnerability {unknown}
 K - a scroll of holy word {unknown}
Potions
 c - 5 potions of lignification
 e - 6 potions of curing
 g - 7 potions of heal wounds
 k - 3 potions of attraction
 n - 6 potions of brilliance
 p - 2 potions of haste
 u - a potion of resistance
 v - a potion of flight
 x - 3 potions of might
 A - a potion of berserk rage {unknown}
 D - 2 potions of degeneration {unknown}
Miscellaneous
 G - a lightning rod (4/4)


   Skills:
 - Level 2.4 Fighting
 + Level 6.6 Throwing
 - Level 10.0 Armour
 - Level 2.4 Dodging
 - Level 1.0 Stealth
 - Level 12.0 Unarmed Combat


You had 10 spell levels left.
You didn't know any spells.
Your spell library contained the following spells:

 Spells                   Type           Power        Failure   Level
 Magic Dart               Conj           0%           80%         1
 Sandblast                Erth           0%           80%         1
 Passwall                 Tmut/Erth      0%           90%         2
 Searing Ray              Conj           0%           90%         2
 Confusing Touch          Hex            0%           99%         3
 Dazzling Flash           Conj/Hex       0%           99%         3
 Gell's Gravitas          Tloc           0%           99%         3
 Stone Arrow              Conj/Erth      0%           99%         3
 Fulminant Prism          Conj/Hex       0%           100%        4
 Iskenderun's Mystic Bla  Conj/Tloc      0%           100%        4
 Petrify                  Tmut/Erth      0%           100%        4
 Lee's Rapid Deconstruct  Erth           0%           100%        5
 Metabolic Englaciation   Hex/Ice        0%           100%        5
 Yara's Violent Unravell  Hex/Tmut       0%           100%        5


Dungeon Overview and Level Annotations

Branches:
Dungeon (12/15)            Temple (1/1) D:6            Lair (0/6) D:11
    Orc (0/2) D:10          Sewer (visited)

Altars:
Dithmenos
Elyvilon
Fedhas
Gozag
Makhleb
Nemelex Xobeh
Qazlal
Uskayaw
Wu Jian
The Shining One

Shops:
D:4 !   D:8 [[(*   D:9 *   D:10 [


Innate Abilities, Weirdness & Mutations

You are too large for most types of armour.
You have claws for hands.
Your natural rate of healing is unusually fast.
You are covered in fur. (AC +1)
You have extremely tough skin. (AC +3)


Message History

You barely miss the two-headed ogre.
The two-headed ogre is lightly wounded.
You barely miss the two-headed ogre. Your claw misses the two-headed ogre.
The two-headed ogre is lightly wounded.
The two-headed ogre hits you but does no damage.
The two-headed ogre hits you with a +0 giant spiked club!
* * * LOW HITPOINT WARNING * * *
You scratch the two-headed ogre. You claw the two-headed ogre!
The two-headed ogre is heavily wounded.
You mangle the two-headed ogre!!
The two-headed ogre is almost dead.
The two-headed ogre hits you with a cursed -3 giant spiked club!
* * * LOW HITPOINT WARNING * * *
The two-headed ogre hits you but does no damage.
You claw the two-headed ogre!
The two-headed ogre is almost dead.
You scratch the two-headed ogre.
The two-headed ogre is almost dead.
The two-headed ogre hits you with a cursed -3 giant spiked club!!
You die...

#... ...#
#...## .#.#
#....##..^###
#..........$.
#...........#
#............
#...........#
#...O.......#
#..@........#
#.....!.....#
#...........#
#.....#.....#
#..(.###....#
#...#+ #.[.#
#..## #..#
... #.


You could see a two-headed ogre.

Vanquished Creatures
  A death yak (D:10)
  An unseen horror (D:11)
  A cyclops (D:11)
  A centaur zombie (D:10)
  2 gargoyles
  Psyche (D:11)
  3 trolls
  Grinder (D:4)
  A hornet (D:11)
  A spriggan (D:8)
  A wraith (D:10)
  3 yaks (D:10)
  Eustachio (D:4)
  A water moccasin (D:10)
  7 orc warriors
  An eye of draining (D:9)
  5 sky beasts
  3 ice beasts
  A phantom (D:9)
  6 ogres
  5 centaurs
  5 big kobolds
  A wyvern zombie (D:8)
  5 bullfrogs
  3 gnoll sergeants (D:9)
  4 scorpions
  16 killer bees
  9 wights
  2 howler monkeys
  A bullfrog zombie (D:10)
  3 hounds
  9 orc priests
  A bullfrog skeleton (D:11)
  4 iguanas
  9 worker ants
  2 hell rats (D:11)
  9 orc wizards
  A hound skeleton (D:10)
  15 gnolls
  A river rat (D:3)
  19 adders
  A shadow imp (D:4)
  3 white imps
  An adder skeleton (D:9)
  3 worms
  A dart slug (D:3)
  11 leopard geckos
  38 orcs
  9 giant cockroaches
  7 goblins
  6 hobgoblins
  15 jackals
  4 quokkas
  6 ball pythons
  11 bats
  11 frilled lizards
  30 kobolds
  A leopard gecko zombie (D:5)
  2 quokka skeletons
  12 rats
338 creatures vanquished.

Vanquished Creatures (others)
  An orc wizard (D:7)
  A plant (D:7)
  4 toadstools (D:1)
6 creatures vanquished.

Grand Total: 344 creatures vanquished

Notes
Turn   | Place    | Note
-------+----------+-------------------------------------------
     0 | D:1      | MisterFreud the Troll Monk began the quest for the Orb.
     0 | D:1      | Reached XP level 1. HP: 22/22 MP: 0/0
   122 | D:1      | Reached XP level 2. HP: 29/29 MP: 1/1
   384 | D:1      | Reached skill level 4 in Unarmed Combat
   720 | D:2      | Noticed an ogre
   728 | D:2      | Killed an ogre
   729 | D:2      | Reached skill level 5 in Unarmed Combat
   729 | D:2      | Reached XP level 3. HP: 15/36 MP: 2/2
   729 | D:2      | Reached XP level 4. HP: 18/44 MP: 3/3
   872 | D:2      | Reached XP level 5. HP: 48/50 MP: 4/4
   922 | D:2      | Found an opulent altar of Gozag.
  1226 | D:2      | Reached skill level 6 in Unarmed Combat
  1264 | D:2      | Found an ornate altar of the Wu Jian Council.
  1264 | D:2      | Found a stormy altar of Qazlal.
  1264 | D:2      | Found a white marble altar of Elyvilon.
  1461 | D:3      | Found a glowing drain.
  1500 | Sewer    | Entered a sewer
  1703 | Sewer    | Reached XP level 6. HP: 55/59 MP: 5/5
  1717 | Sewer    | Reached skill level 7 in Unarmed Combat
  2030 | D:3      | Found a shadowy altar of Dithmenos.
  2655 | D:4      | Found Liegoej's Distillery.
  2717 | D:4      | Bought a potion of heal wounds for 60 gold pieces
  2717 | D:4      | Bought a potion of curing for 36 gold pieces
  2717 | D:4      | Bought a potion of haste for 120 gold pieces
  2717 | D:4      | Bought 2 potions of lignification for 72 gold pieces
  3101 | D:4      | Noticed Eustachio
  3115 | D:4      | Killed Eustachio
  3116 | D:4      | Reached skill level 1 in Armour
  3116 | D:4      | Reached skill level 8 in Unarmed Combat
  3116 | D:4      | Reached XP level 7. HP: 66/66 MP: 6/6
  3468 | D:5      | Entered Level 5 of the Dungeon
  3469 | D:5      | Noticed Grinder
  3546 | D:4      | Paralysed by Grinder for 4 turns
  3561 | D:4      | Paralysed by Grinder for 3 turns
  3566 | D:4      | Paralysed by Grinder for 2 turns
  3571 | D:4      | Killed Grinder
  3677 | D:5      | Reached XP level 8. HP: 69/74 MP: 7/7
  3716 | D:5      | Reached skill level 5 in Armour
  4133 | D:6      | Found a staircase to the Ecumenical Temple.
  4143 | Temple   | Entered the Ecumenical Temple
  4149 | D:6      | Found a blossoming altar of Fedhas.
  4152 | D:6      | Found a sparkling altar of Nemelex Xobeh.
  4642 | D:6      | Reached XP level 9. HP: 80/80 MP: 8/8
  4832 | D:7      | Found a burning altar of Makhleb.
  4884 | D:7      | Reached skill level 9 in Unarmed Combat
  4949 | D:7      | Found a blossoming altar of Fedhas.
  5539 | D:8      | Found Rasoig's Antique Weapon Boutique.
  5548 | D:8      | Reached skill level 10 in Unarmed Combat
  5641 | D:8      | Found Sarphaari's Assorted Antiques.
  5811 | D:8      | Bought a scroll labelled SIRUMON BEGI for 26 gold pieces
  5811 | D:8      | Bought a scroll labelled OKHLUF FOFA for 26 gold pieces
  5904 | D:8      | Found Feucet's Armour Emporium.
  5998 | D:8      | Found Poyfue's Antique Armour Shoppe.
  6183 | D:9      | Reached XP level 10. HP: 85/88 MP: 9/9
  6306 | D:9      | Found a hide-covered altar of Uskayaw.
  6306 | D:9      | Noticed a gargoyle
  6317 | D:9      | Killed a gargoyle
  6678 | D:9      | Reached skill level 11 in Unarmed Combat
  7170 | D:9      | Found Xeozaerush's Island Escapes.
  7395 | D:10     | Entered Level 10 of the Dungeon
  7727 | D:10     | Noticed a gargoyle
  7732 | D:10     | Killed a gargoyle
  8335 | D:10     | Found Uppih's Armour Emporium.
  8358 | D:10     | Reached skill level 10 in Armour
  8358 | D:10     | Reached skill level 12 in Unarmed Combat
  8358 | D:10     | Reached skill level 1 in Throwing
  8450 | D:10     | Reached XP level 11. HP: 34/92 MP: 10/10
  8616 | D:10     | Found a staircase to the Orcish Mines.
  9060 | D:11     | Noticed a death yak
  9061 | D:11     | Noticed a death yak
  9068 | D:11     | Noticed a death yak
  9086 | D:10     | Killed a death yak
  9194 | D:11     | Killed an unseen horror
  9195 | D:11     | Reached skill level 5 in Throwing
  9251 | D:11     | Paralysed by a hornet for 3 turns
  9417 | D:11     | Found a staircase to the Lair.
  9786 | D:12     | Noticed Psyche
  9786 | D:12     | Noticed a two-headed ogre
  9795 | D:11     | Killed Psyche
  9812 | D:12     | Mangled by a two-headed ogre

Illustrated notes

Levels and vault maps discovered:
D:1:      kennysheep_arrival_forest, layout_loops_cross,
          chequers_serial_rivers_room_a, minmay_gold_behind_fungi
D:2:      layout_loops_ring, grunt_gozag_breadcrumbs,
          gammafunk_temple_overflow_forgotten, grunt_decor_fettered
D:3:      layout_basic, nicolae_overflow_crystal_walls, portal_sewer_entry_a
D:4:      layout_basic, serial_shops, nicolae_shop_trees, uniq_eustachio
D:5:      layout_rooms, uniq_grinder
D:6:      layout_loops_cross, grunt_temple_overflow_open,
          minmay_temple_entry_stoned_glass, kennysheep_generic_room_11
D:7:      layout_cave_pools, lemuel_round_altar, serial_park,
          serial_park_avenue1, fedhas_ov_isle_minmay
D:8:      layout_rooms, serial_shops, shop, nicolae_shop_window_shopping,
          kennysheep_mini, kennysheep_little_box, the_bakery
D:9:      layout_gridville, general_overflow_altar, nicolae_island_escapes
D:10:     layout_irregular_city, david_orc_4, serial_shops,
          nicolae_shop_behind_doors
D:11:     layout_roguey, dpeg_lair_monsters
D:12:     layout_cross, nicolae_trove_entry_diagonal, serial_shops, shop,
          minmay_door_square, minmay_starry_boxes, uniq_psyche, uniq_urug
Temple:   dshaligram_water_room_temple

Skill      XL: |  1  2  3  4  5  6  7  8  9 10 11 |
---------------+----------------------------------+-----
Unarmed Combat | 5 6 8 10 12 | 12.0
Armour         | 1 4 6 8 10 | 10.0
Throwing       | 2 6 |  6.6
Fighting       | |  2.4
Dodging        | |  2.4
Stealth        | |  1.0

Action                   |  1- 3 |  4- 6 |  7- 9 | 10-12 || total
-------------------------+-------+-------+-------+-------++-------
Melee: Unarmed           |    48 |   203 |   305 |   459 ||  1015
       Punch             |     1 |     3 |    16 |    17 ||    37
  Use: Scroll            |       |     5 |     9 |       ||    14
 Stab: Sleeping          |     1 |     3 |       |       ||     4
Armor: Robe              |    19 |    90 |       |       ||   109
       Fire dragon scale |       |     8 |   193 |   278 ||   479
Dodge: Dodged            |    19 |   115 |   131 |   209 ||   474
